 Dungeon Crawl Stone Soup version 0.31.0-12-g77e489cdc1 (webtiles) character file.

Game seed: 740689420365019189

6 Goblin1989 the Sneak (level 1, -3/18 HPs)
             Began as a Demonspawn Delver on Feb 17, 2024.
             Slain by an adder (4 damage)
             ... in a sewer.
             The game lasted 00:02:18 (213 turns).

Goblin1989 the Sneak (Demonspawn Delver)             Turns: 213, Time: 00:02:18

Health: -3/18      AC:  3    Str: 12    XL:     1   Next: 75%
Magic:  1/1        EV: 11    Int: 10    God:
Gold:   0          SH:  0    Dex: 14    Spells: 0/0 levels left

rFire   . . .        a - +0 mace
rCold   . . .        (no shield)
rNeg    . . .        b - +0 leather armour
rPois   .            (no helmet)
rElec   .            (no cloak)
rCorr   .            (no gloves)
SInv    .            (no boots)
Will    .....        (no amulet)
Stlth   +            (no ring)
HPRegen 0.23/turn    (no ring)
MPRegen 0.07/turn

%: no passive effects
@: very slow
A: no striking features
a: no special abilities


You were in a sewer.
You visited 1 branch of the dungeon, and saw 1 of its levels.
You also visited: Sewer.

Inventory:

Hand Weapons
 a - a +0 mace (weapon)
Armour
 b - a +0 leather armour (worn)
Wands
 g - a wand of digging (2) {@v3}
Scrolls
 c - a scroll of fog


   Skills:
 - Level 3.0 Fighting
 + Level 2.3 Maces & Flails
 - Level 1.7 Dodging
 - Level 4.5 Stealth


You couldn't memorise any spells.
You didn't know any spells.
Your spell library was empty.

Dungeon Overview and Level Annotations

Branches:
Dungeon (5/15) Zot: 5928    Sewer (1/1) Zot: 5842
 Temple: D:4-7

Altars:

Annotations:
D:5 Dowan, Duvessa, Sigmund


Message History

You hit the frilled lizard.
The frilled lizard is heavily wounded.
The frilled lizard bites you.
You take 2 damage, and have 13/18 hp.
You hit the frilled lizard.
You kill the frilled lizard!
You see here a frilled lizard corpse.
The dart slug briefly extends its eye-stalks.
A frilled lizard comes into view.
A frilled lizard comes into view.
The frilled lizard hisses angrily.
The dart slug launches a dart at you. The slug dart misses you.
The frilled lizard misses you.
You hit the frilled lizard.
You kill the frilled lizard!
The dart slug launches a dart at you. The slug dart misses you.
The frilled lizard closely misses you.
You closely miss the frilled lizard. The frilled lizard misses you.
You hit the frilled lizard.
You kill the frilled lizard!
You enter the shallow water.
Moving in this stuff is going to be slow.
You see here a frilled lizard corpse.
Health restored: 18 A giant cockroach comes into view.
You enter the shallow water.
Moving in this stuff is going to be slow.
You closely miss the giant cockroach. The giant cockroach barely misses you.
Your unstable footing causes you to fumble your attack.
The giant cockroach bites you but does no damage.
You hit the giant cockroach but do no damage.
The giant cockroach bites you. The giant cockroach closely misses you.
You take 2 damage, and have 16/18 hp.
Your unstable footing causes you to fumble your attack.
The giant cockroach closely misses you.
You hit the giant cockroach but do no damage.
The giant cockroach bites you.
The giant cockroach bites you but does no damage.
You take 1 damage, and have 16/18 hp.
Your unstable footing causes you to fumble your attack.
The giant cockroach bites you but does no damage.
Your unstable footing causes you to fumble your attack.
The giant cockroach splashes around in the water.
The giant cockroach bites you but does no damage.
Your unstable footing causes you to fumble your attack.
The giant cockroach bites you.
You take 1 damage, and have 16/18 hp.
Your unstable footing causes you to fumble your attack.
The giant cockroach waves its antennae.
The giant cockroach bites you. x2
You take 3 damage, and have 13/18 hp.
You hit the giant cockroach.
The giant cockroach is heavily wounded.
The giant cockroach barely misses you.
You sock the giant cockroach!
You kill the giant cockroach!
You see here a giant cockroach corpse.
A dart slug comes into view.
You enter the shallow water.
Moving in this stuff is going to be slow.
An adder comes into view.
A giant cockroach comes into view.
The adder hisses angrily.
The adder closely misses you. The dart slug launches a dart at you.
The slug dart hits you.
You take 2 damage, and have 14/18 hp.
You enter the shallow water.
Moving in this stuff is going to be slow.
The adder closely misses you. The dart slug launches a dart at you.
The slug dart hits you. The adder closely misses you.
You take 4 damage, and have 10/18 hp.
MASSIVE DAMAGE!!
Your unstable footing causes you to fumble your attack.
The adder bites you but does no damage. The dart slug launches a dart at you.
The slug dart hits you.
You take 1 damage, and have 9/18 hp.
Your unstable footing causes you to fumble your attack.
The adder barely misses you. The adder closely misses you.
You hit the adder.
The adder is moderately wounded.
The adder misses you. The dart slug launches a dart at you.
The slug dart hits you.
* * * LOW HITPOINT WARNING * * *
The adder bites you.
* * * LOW HITPOINT WARNING * * *
You hit the adder.
The adder is severely wounded.
The adder bites you.
* * * LOW HITPOINT WARNING * * *
The dart slug briefly extends its eye-stalks.
You take 8 damage, and have 1/18 hp.
MASSIVE DAMAGE!!
You barely miss the adder.
The adder is severely wounded.
The adder bites you.
You die...

█~~≈~~~≈≈≈~
█†~≈~~≈≈≈~
█~~≈~~~≈~≈
█.~≈~≈≈w≈
█~~≈≈≈≈≈≈
█~~≈≈≈█≈≈
█~~≈≈≈██≈
█.~≈≈≈█
█S@≈≈~█
█.~≈w.█
█.~≈≈~█
█.~≈~~█
█.~~~.█
█...~~~


████████ You could see an adder and 2 dart slugs.

Vanquished Creatures
  2 ball pythons (Sewer)
  A giant cockroach (Sewer)
  4 frilled lizards (Sewer)
7 creatures vanquished.

Notes
Turn   | Place    | Note
-------+----------+-------------------------------------------
     0 | D:5      | Goblin1989 the Demonspawn Delver began the quest for the
                  | Orb.
     0 | D:5      | Reached XP level 1. HP: 18/18 MP: 1/1
    15 | D:5      | Noticed Sigmund
    17 | D:5      | Noticed an iguana
    45 | D:5      | Noticed an iguana
    51 | D:5      | Noticed Duvessa
    51 | D:5      | Noticed Dowan
    75 | D:5      | Found a glowing drain.
    80 | Sewer    | Entered a sewer
   213 | Sewer    | Slain by an adder

Illustrated notes

Levels and vault maps discovered:
D:5:      layout_basic, grunt_gozag_breadcrumbs, portal_sewer_entry_e,
          uniq_duvessa, uniq_sigmund
Sewer:    sewer_frog_island_01

Skill      XL: |  1 |
---------------+----+-----
Maces & Flails | 2 |  2.3
Fighting       | |  3.0
Dodging        | |  1.7
Stealth        | |  4.5

Action                     || total
---------------------------++-------
  Melee: Mace              ||    27
  Evoke: Wand              ||     1
    Use: Scroll            ||     2
         Potion            ||     1
 Armour: Leather armour    ||    29
  Dodge: Dodged            ||    34
